AoeStats
← kob61

Arena

510347973Analyzed
4v4 RM · 20h ago on Sep 30, 2026· 45m 27s· 8 players
Game mode
Random Map
Map size
Large (8 player)
Population
200
Speed
Normal
Resources
Standard
Victory
Conquest
Starting age
Dark Age
Ending age
Imperial Age
RankedLock teamsTeams togetherTeam positionsShared explorationLock speedFull tech treeHidden civsTurbo modeCheats
Victory
Defeat
🇹🇷 Huns · Türkiye
920
+14
🇨🇭 Burgundians · Switzerland
905
+15
🇮🇹 Franks · Italy
889
+16
🇨🇳 Poles · China
853
+17
🇹🇷 Magyars · Türkiye
1004
-20
🇧🇪 Spanish · Belgium
870
-15
🇹🇷 Teutons · Türkiye
839
-14
🇹🇷 Turks · Türkiye
812
-13
Barbarossa.BE
10:43 Feudal Age
12:03 Wheelbarrow
11:15 Double-Bit Axe
20:06 Castle Age
19:41 Gold Mining
20:01 Man-at-Arms
20:59 Gambesons
23:46 Hand Cart
23:46 Pikeman
26:55 Bow Saw
27:49 Squires
28:04 Horse Collar
32:10 Heavy Plow
39:25 Imperial Age
39:41 Capped Ram
40:23 Halberdier
Badlies
0:35 Loom
10:48 Feudal Age
11:14 Double-Bit Axe
12:18 Horse Collar
18:34 Castle Age
17:08 Gold Mining
17:31 Padded Archer Armor
17:43 Stone Mining
18:38 Bloodlines
27:20 Wheelbarrow
29:12 Bow Saw
29:13 Heavy Plow
32:19 Imperial Age
30:48 Leather Archer Armor
30:24 Fletching
30:59 Ballistics
31:19 Hand Cart
31:44 Scale Barding Armor
31:11 Pikeman
31:37 Arson
32:15 Bodkin Arrow
32:21 Scale Mail Armor
33:22 Gold Shaft Mining
33:39 Parthian Tactics
33:08 Halberdier
33:46 Heavy Cavalry Archer
35:10 Ring Archer Armor
34:45 Town Watch
36:46 Two-Man Saw
37:13 Crop Rotation
37:55 Bracer
38:14 Chain Mail Armor
37:45 Light Cavalry
38:31 Husbandry
39:47 Chemistry
40:19 Elite Skirmisher
41:05 Thumb Ring
43:59 Masonry
kob61
11:37 Feudal Age
12:04 Double-Bit Axe
12:03 Horse Collar
21:46 Castle Age
20:54 Bloodlines
22:35 Squires
23:26 Forging
23:28 Heavy Plow
23:40 Bow Saw
23:24 Town Watch
25:18 Loom
26:55 Gold Mining
26:57 Stone Mining
28:33 Scale Barding Armor
30:56 Gold Shaft Mining
30:24 Husbandry
34:15 Imperial Age
32:45 Town Patrol
33:21 Wheelbarrow
34:35 Hand Cart
34:43 Chain Barding Armor
34:15 Fletching
34:28 Padded Archer Armor
Anafartalar Komutanı
13:13 Feudal Age
14:07 Horse Collar
19:46 Castle Age
22:07 Wheelbarrow
22:23 Double-Bit Axe
22:39 Gold Mining
26:11 Heavy Plow
28:58 Hand Cart
28:40 Stone Mining
33:07 Imperial Age
31:02 Ballistics
30:44 Scale Mail Armor
30:55 Forging
30:13 Pikeman
30:53 Squires
31:08 Bow Saw
33:56 Chain Mail Armor
34:17 Iron Casting
33:33 Fletching
33:43 Padded Archer Armor
33:49 Scale Barding Armor
33:16 Halberdier
34:58 Stone Shaft Mining
35:26 Two-Man Saw
35:53 Cavalier
36:49 Elite Skirmisher
37:28 Gambesons
37:05 Man-at-Arms
38:21 Plate Mail Armor
38:52 Blast Furnace
38:13 Chain Barding Armor
38:09 Leather Archer Armor
37:49 Bodkin Arrow
39:25 Heavy Mounted Crossbowman
40:16 Long Swordsman
43:32 Bloodlines
pelikanecho314
4:06 Loom
10:12 Feudal Age
9:02 Double-Bit Axe
11:09 Horse Collar
18:33 Castle Age
17:16 Gold Mining
21:29 Squires
21:36 Scale Barding Armor
22:14 Wheelbarrow
22:45 Husbandry
23:35 Stone Mining
25:06 Hand Cart
24:59 Town Watch
26:23 Pikeman
31:12 Imperial Age
28:55 Bow Saw
29:47 Heavy Plow
30:49 Two-Man Saw
30:06 Elite Skirmisher
31:09 Fletching
31:20 Padded Archer Armor
31:25 Cavalier
32:31 Ballistics
33:30 Conscription
34:17 Crop Rotation
33:59 Bodkin Arrow
35:17 Burgundian Vineyards
36:00 Leather Archer Armor
37:22 Chemistry
36:37 Forging
37:20 Bracer
36:48 Halberdier
37:16 Paladin
41:52 Iron Casting
TaK_Attack
6:57 Loom
10:39 Feudal Age
11:06 Double-Bit Axe
16:27 Castle Age
22:10 Wheelbarrow
22:22 Bow Saw
24:28 Hand Cart
29:34 Imperial Age
28:28 Gold Mining
28:35 Stone Mining
28:55 Fletching
31:18 Chemistry
30:53 Conscription
32:08 Husbandry
31:32 Cavalier
33:02 Scale Barding Armor
33:57 Forging
34:51 Chain Barding Armor
34:06 Elite Skirmisher
35:10 Ballistics
35:45 Bodkin Arrow
37:35 Plate Barding Armor
38:34 Iron Casting
39:28 Paladin
Nightman
13:00 Feudal Age
17:02 Castle Age
15:25 Double-Bit Axe
15:24 Horse Collar
15:40 Gold Mining
18:58 Heavy Plow
22:36 Bow Saw
24:21 Stone Mining
25:10 Gold Shaft Mining
30:45 Imperial Age
28:54 Wheelbarrow
28:05 Loom
28:08 Town Watch
30:34 Bloodlines
30:25 Husbandry
30:48 Ballistics
30:40 Masonry
30:16 Light Cavalry
31:01 Cavalier
31:54 Padded Archer Armor
31:45 Fletching
32:06 Forging
32:37 Scale Barding Armor
33:17 Leather Archer Armor
33:22 Marauders
33:23 Bodkin Arrow
35:11 Chain Barding Armor
35:27 Iron Casting
35:52 Hand Cart
37:38 Conscription
39:49 Plate Barding Armor
40:16 Blast Furnace
39:02 Elite Tarkan
43:46 Hussar
ksffvbh
0:52 Loom
15:06 Feudal Age
16:28 Horse Collar
16:34 Double-Bit Axe
18:12 Wheelbarrow
22:33 Castle Age
20:47 Gold Mining
23:19 Forging
23:14 Scale Barding Armor
25:14 Hand Cart
24:43 Light Cavalry
25:34 Bloodlines
26:12 Husbandry
26:25 Bloodlines
27:44 Heavy Plow
29:44 Bow Saw
29:36 Stone Mining
39:37 Town Watch
42:44 Imperial Age
45:07 Lechitic Legacy
45:08 Conscription
44:11 Winged Hussar
Connection lost

Rejoining the realm…

Still unreachable

The connection could not be restored.

Session expired

The server has moved on; the page needs a fresh start.